Devils vs Blue Jackets
Created - February 28, 2023 at 21:34
Goals
|
| Devils |
0 |
2 |
1 |
1 |
4 |
| Blue Jackets |
0 |
2 |
1 |
0 |
3 |
|
Shots
|
| Devils |
12 |
8 |
12 |
1 |
33 |
| Blue Jackets |
10 |
10 |
11 |
0 |
31 |
|
1st period
No Goal
Penalties :
Maxime Macenauer (N.J) for Hooking (Minor) at 10:59
2nd period
1. Devils , Logan Shaw 12 (Sven Baertschi 9) at 1:35
2. Blue Jackets , Nikita Kucherov 28 (Erik Haula 14, Teuvo Teravainen 28) at 2:37
3. Devils , Thomas Hickey 1 (Nazem Kadri 38, Tyler Ennis 32) at 13:01
4. Blue Jackets , Nikita Kucherov 29 (Erik Haula 15, Teuvo Teravainen 29) at 13:47
Penalties :
Logan Shaw (N.J) for Holding Stick (Minor) at 3:23, Nikita Kucherov (Clb) for Tripping (Minor) at 6:39, Rickard Rakell (Clb) for High sticking (Minor) at 18:38
3rd period
5. Devils , Aleksander Barkov 14 (Marian Gaborik 20, Michael Del Zotto 28) at 3:55 (PP)
6. Blue Jackets , Sean Monahan 14 (Aaron Ekblad 9) at 15:59
Penalties :
Nick Palmieri (N.J) for High sticking (Minor) at 1:54, Colton Parayko (Clb) for Holding (Minor) at 2:57
Overtime #1
7. Devils , Jonathan Huberdeau 15 (Eric Tangradi 9) at 2:29
Penalties :
Nikita Kucherov (Clb) for Cross-checking (Minor) at 0:13
Goalie Stats
Maxime Daigneault (N.J), 28 saves from 31 shots - (0.903), W, 24-9-3, 62:29 minutes
Cam Talbot (Clb), 29 saves from 33 shots - (0.879), OTL, 1-8-2, 62:29 minutes
Players Stats for Devils
Player Name G A P +/- PIM S H SB GA TA FO MP PP MP PK MP
------------------------------------------------------------------------------------
Aleksander Barkov 1 0 1 -2 0 2 0 1 0 0 5/14 19:20 1:32 1:31
Anton Stralman 0 0 0 -2 0 1 0 1 1 0 0/0 25:38 1:39 3:02
Brandon Carlo 0 0 0 2 0 1 2 3 2 1 0/0 20:35 0:08 3:02
Brayden Point 0 0 0 1 0 2 1 0 1 0 4/8 13:45 0:16 0:45
Chris Stewart 0 0 0 0 0 0 0 0 0 0 0/0 6:54 0:00 0:00
Eric Tangradi 0 1 1 1 0 1 1 0 0 0 2/2 11:37 0:00 2:53
Jonathan Huberdeau 1 0 1 -1 0 5 2 0 0 0 1/2 17:24 1:46 1:15
Kristopher Letang 0 0 0 -2 0 3 1 2 2 0 0/0 24:19 2:51 0:00
Logan Shaw 1 0 1 1 2 2 0 0 0 0 0/0 12:54 0:00 0:00
Marian Gaborik 0 1 1 -2 0 1 2 0 0 0 1/1 16:31 1:48 0:00
Matt Donovan 0 0 0 0 0 0 2 1 0 3 0/0 17:48 1:09 1:59
Maxime Macenauer 0 0 0 0 2 1 1 0 0 0 4/5 9:01 0:00 1:57
Michael Del Zotto 0 1 1 1 0 3 0 0 1 1 0/0 23:24 2:13 1:59
Nazem Kadri 0 1 1 0 0 3 1 1 0 1 14/24 21:10 2:12 0:54
Nick Palmieri 0 0 0 0 2 2 0 2 0 0 1/1 17:55 2:14 0:00
Sven Baertschi 0 1 1 1 0 1 2 0 0 0 0/0 11:58 0:00 0:10
Thomas Hickey 1 0 1 1 0 3 1 2 0 0 0/0 13:14 0:00 0:00
Tyler Ennis 0 1 1 0 0 2 1 0 1 1 1/2 20:29 2:12 0:37
Players Stats for Blue Jackets
Player Name G A P +/- PIM S H SB GA TA FO MP PP MP PK MP
------------------------------------------------------------------------------------
Aaron Ekblad 0 1 1 1 0 2 1 0 0 0 0/0 21:21 1:55 3:12
Ben Chiarot 0 0 0 -1 0 1 0 1 0 0 0/0 11:50 0:00 0:16
Bryce Lampman 0 0 0 1 0 0 2 2 0 0 0/0 21:21 1:55 3:12
Colton Parayko 0 0 0 0 2 1 2 0 1 2 0/0 29:17 3:05 2:31
Erik Haula 0 2 2 2 0 1 1 2 2 1 13/31 22:34 2:49 2:41
Fabian Brunnstrom 0 0 0 0 0 0 1 0 0 0 0/0 3:26 0:00 1:02
Jason Zucker 0 0 0 0 0 4 1 0 1 0 1/1 17:16 2:12 0:13
Mike Richards 0 0 0 -1 0 0 1 0 0 0 4/10 17:37 2:12 0:39
Nikita Kucherov 2 0 2 1 4 4 0 1 0 0 1/3 25:33 2:49 1:16
Phil Kessel 0 0 0 -1 0 2 2 0 0 0 1/1 13:27 0:00 0:00
Rickard Rakell 0 0 0 -1 2 2 2 0 0 0 0/1 14:59 0:00 1:23
Riley Sheahan 0 0 0 0 0 2 2 0 1 0 1/1 17:34 2:12 0:31
Sean Monahan 1 0 1 -1 0 4 1 0 1 0 4/6 12:55 0:00 0:00
Shea Theodore 0 0 0 -1 0 0 1 1 0 1 0/0 11:15 0:00 0:16
Teuvo Teravainen 0 2 2 2 0 2 0 2 0 2 1/4 22:31 2:49 2:14
Travis Hamonic 0 0 0 0 0 3 1 4 1 2 0/0 29:53 3:06 2:31
William Karlsson 0 0 0 0 0 2 0 0 0 0 0/1 5:04 0:00 0:00
Zac Rinaldo 0 0 0 0 0 1 1 0 0 0 0/0 5:04 0:00 0:00
3 Stars
1 - Erik Haula (Clb)
2 - Thomas Hickey (N.J)
3 - Teuvo Teravainen (Clb)
Power Play
Devils - 1 on 4 Attempt(s) - 25.00%
Blue Jackets - 0 on 3 Attempt(s) - 0.00%
Penalty Kill
Devils - 3 on 3 Attempt(s) - 100.00%
- Score 0 goal in Penalty Kill
Blue Jackets - 3 on 4 Attempt(s) - 75.00%
- Score 0 goal in Penalty Kill
Team Stat
Devils - Hits : 17 - Faceoff Wins : 33 - Blocked Shots : 13 - Penalty Minutes : 6
Blue Jackets - Hits : 19 - Faceoff Wins : 26 - Blocked Shots : 13 - Penalty Minutes : 8
Official
Referees : Pierre Lambert and Wes McCauley
Linesman : Brandon Gawryletz and Brad Kovachik
Game Notes
No Game Note
Finance
Level 1 -- Attendance: 6000 (100.00%) -- Ticket Income $600,000
Level 2 -- Attendance: 5000 (100.00%) -- Ticket Income $300,000
Level 3 -- Attendance: 1940 (97.00%) -- Ticket Income $67,900
Level 4 -- Attendance: 4000 (100.00%) -- Ticket Income $100,000
Luxury Box -- Attendance: 980 (98.00%) -- Ticket Income $196,000
Game was played at the Nationwide arena.
Total Attendance: 17920 (99.56%)
Total Ticket Income: $1,263,900
Other Income: $189,585
Total Income: $1,453,485
Devils
5 vs 5 Forward
Center Left Wing Right Wing Time % Phy DF OF
1 Nazem Kadri Tyler Ennis Nick Palmieri 36 0 2 3
2 Aleksander Barkov Jonathan Huberdeau Marian Gaborik 30 0 2 3
3 Brayden Point Sven Baertschi Logan Shaw 26 0 2 3
4 Maxime Macenauer Eric Tangradi Chris Stewart 8 0 3 2
5 vs 5 Defense
Defense Defense Time % Phy DF OF
1 Kristopher Letang Anton Stralman 40 0 3 2
2 Michael Del Zotto Brandon Carlo 34 0 3 2
3 Matt Donovan Thomas Hickey 26 0 3 2
4 Kristopher Letang Michael Del Zotto 0 0 3 2
PowerPlay Forward
Center Left Wing Right Wing Time % Phy DF OF
1 Nazem Kadri Tyler Ennis Nick Palmieri 60 0 1 4
2 Aleksander Barkov Jonathan Huberdeau Marian Gaborik 40 0 1 4
PowerPlay Defense
Defense Defense Time % Phy DF OF
1 Kristopher Letang Michael Del Zotto 60 0 2 3
2 Anton Stralman Matt Donovan 40 0 2 3
Penalty Kill 4 Players Forward
Center Wing Time % Phy DF OF
1 Maxime Macenauer Eric Tangradi 65 1 3 1
2 Nazem Kadri Tyler Ennis 35 1 3 1
Penalty Kill 4 Players Defense
Defense Defense Time % Phy DF OF
1 Anton Stralman Brandon Carlo 60 1 4 0
2 Michael Del Zotto Matt Donovan 40 1 4 0
Penalty Kill - 3 Players Forward
Forward Time % Phy DF OF
1 Nazem Kadri 60 1 3 1
2 Aleksander Barkov 40 1 3 1
Penalty Kill - 3 Players Defense
Defense Defense Time % Phy DF OF
1 Kristopher Letang Michael Del Zotto 60 1 4 0
2 Anton Stralman Matt Donovan 40 1 4 0
4 vs 4 Forward
Center Wing Time % Phy DF OF
1 Nazem Kadri Tyler Ennis 60 0 2 3
2 Aleksander Barkov Marian Gaborik 40 0 2 3
4 vs 4 Defense
Defense Defense Time % Phy DF OF
1 Kristopher Letang Anton Stralman 60 0 3 2
2 Michael Del Zotto Matt Donovan 40 0 3 2
Last Minutes Offensive
Center Left Wing Right Wing Defense Defense
Nazem Kadri Tyler Ennis Nick Palmieri Kristopher Letang Michael Del Zotto
Last Minutes Defensive
Center Left Wing Right Wing Defense Defense
Nazem Kadri Tyler Ennis Marian Gaborik Brandon Carlo Anton Stralman
Goaltenders
Starting : Maxime Daigneault
Backup : Tyler Weiman
Extra Forwards
Normal : Brayden Point, Aleksander Barkov, Jonathan Huberdeau - PP : Brayden Point, Eric Tangradi - PK : Aleksander Barkov
Extra Defensemen
Normal : Matt Donovan, Brandon Carlo, Thomas Hickey - PP : Matt Donovan - PK : Matt Donovan, Brandon Carlo
Penalty Shots
Tyler Ennis, Nazem Kadri, Brayden Point, Jonathan Huberdeau, Aleksander Barkov
Scratches
Anton Lander (Torn Right ACL Injury)
Blue Jackets
5 vs 5 Forward
Center Left Wing Right Wing Time % Phy DF OF
1 Erik Haula Teuvo Teravainen Nikita Kucherov 40 1 2 2
2 Mike Richards Jason Zucker Riley Sheahan 30 1 2 2
3 Sean Monahan Rickard Rakell Phil Kessel 20 1 2 2
4 William Karlsson Zac Rinaldo Nikita Kucherov 10 1 2 2
5 vs 5 Defense
Defense Defense Time % Phy DF OF
1 Travis Hamonic Colton Parayko 40 1 2 2
2 Aaron Ekblad Bryce Lampman 30 1 2 2
3 Ben Chiarot Shea Theodore 20 1 2 2
4 Travis Hamonic Colton Parayko 10 1 2 2
PowerPlay Forward
Center Left Wing Right Wing Time % Phy DF OF
1 Erik Haula Teuvo Teravainen Nikita Kucherov 60 1 2 2
2 Mike Richards Jason Zucker Riley Sheahan 40 1 2 2
PowerPlay Defense
Defense Defense Time % Phy DF OF
1 Travis Hamonic Colton Parayko 60 1 2 2
2 Aaron Ekblad Bryce Lampman 40 1 2 2
Penalty Kill 4 Players Forward
Center Wing Time % Phy DF OF
1 Nikita Kucherov Teuvo Teravainen 60 1 2 2
2 Riley Sheahan Erik Haula 40 1 2 2
Penalty Kill 4 Players Defense
Defense Defense Time % Phy DF OF
1 Travis Hamonic Colton Parayko 60 1 2 2
2 Aaron Ekblad Bryce Lampman 40 1 2 2
Penalty Kill - 3 Players Forward
Forward Time % Phy DF OF
1 Nikita Kucherov 60 1 2 2
2 Teuvo Teravainen 40 1 2 2
Penalty Kill - 3 Players Defense
Defense Defense Time % Phy DF OF
1 Travis Hamonic Colton Parayko 60 1 2 2
2 Aaron Ekblad Bryce Lampman 40 1 2 2
4 vs 4 Forward
Center Wing Time % Phy DF OF
1 Nikita Kucherov Teuvo Teravainen 60 1 2 2
2 Riley Sheahan Erik Haula 40 1 2 2
4 vs 4 Defense
Defense Defense Time % Phy DF OF
1 Travis Hamonic Colton Parayko 60 1 2 2
2 Aaron Ekblad Bryce Lampman 40 1 2 2
Last Minutes Offensive
Center Left Wing Right Wing Defense Defense
Erik Haula Teuvo Teravainen Nikita Kucherov Travis Hamonic Colton Parayko
Last Minutes Defensive
Center Left Wing Right Wing Defense Defense
Erik Haula Teuvo Teravainen Nikita Kucherov Travis Hamonic Colton Parayko
Goaltenders
Starting : Cam Talbot
Backup : Michal Neuvirth
Extra Forwards
Normal : Fabian Brunnstrom, Phil Kessel, Rickard Rakell - PP : Fabian Brunnstrom, Phil Kessel - PK : Rickard Rakell
Extra Defensemen
Normal : Ben Chiarot, Shea Theodore, Aaron Ekblad - PP : Ben Chiarot - PK : Shea Theodore, Aaron Ekblad
Penalty Shots
Nikita Kucherov, Teuvo Teravainen, Riley Sheahan, Erik Haula, Jason Zucker
Scratches
Vince Hinostroza (Healthy)
% Time on Ice - Devils
Lines # - Real PCT - Wanted PCT - Time Play
Normal Forward
1 - 35% - 36% - 17:33
2 - 28% - 30% - 14:01
3 - 24% - 26% - 11:48
4 - 13% - 8% - 6:41
Normal Defense
1 - 38% - 40% - 19:07
2 - 35% - 34% - 17:20
3 - 26% - 26% - 13:10
4 - 1% - 0% - 0:26
PP Forward
1 - 55% - 60% - 2:12
2 - 45% - 40% - 1:48
PP Defense
1 - 75% - 60% - 2:59
2 - 25% - 40% - 1:01
PK Forward
1 - 88% - 65% - 4:24
2 - 12% - 35% - 0:37
PK Defense
1 - 60% - 60% - 3:02
2 - 40% - 40% - 1:59
PK3 Forward
1 - 0% - 60%
2 - 0% - 40%
PK3 Defense
1 - 0% - 60%
2 - 0% - 40%
44 Forward
1 - 80% - 60% - 2:43
2 - 20% - 40% - 0:42
44 Defense
1 - 60% - 60% - 2:04
2 - 40% - 40% - 1:21
Last Minute Offensive - 0:00
Last Minute Defensive - 0:00
Total
Forward - 62:29
Defense - 62:29
|
% Time on Ice - Blue Jackets
Lines # - Real PCT - Wanted PCT - Time Play
Normal Forward
1 - 35% - 40% - 17:30
2 - 29% - 30% - 14:34
3 - 26% - 20% - 12:55
4 - 10% - 10% - 5:04
Normal Defense
1 - 40% - 40% - 19:58
2 - 31% - 30% - 15:37
3 - 22% - 20% - 10:59
4 - 7% - 10% - 3:29
PP Forward
1 - 56% - 60% - 2:49
2 - 44% - 40% - 2:12
PP Defense
1 - 62% - 60% - 3:06
2 - 38% - 40% - 1:55
PK Forward
1 - 87% - 60% - 3:29
2 - 13% - 40% - 0:31
PK Defense
1 - 36% - 60% - 1:27
2 - 64% - 40% - 2:33
PK3 Forward
1 - 100% - 60% - 1:59
2 - 0% - 40% - 0:00
PK3 Defense
1 - 54% - 60% - 1:04
2 - 46% - 40% - 0:55
44 Forward
1 - 80% - 60% - 1:09
2 - 20% - 40% - 0:17
44 Defense
1 - 57% - 60% - 0:49
2 - 43% - 40% - 0:37
Last Minute Offensive - 0:00
Last Minute Defensive - 0:00
Total
Forward - 62:29
Defense - 62:29
|
Play-by-Play
1st period
0:01 of 1st period - Tyler Ennis wins face-off versus Erik Haula in neutral zone.
1:11 of 1st period - Snap shot by William Karlsson.
1:11 of 1st period - Stopped by Maxime Daigneault with a rebound.
1:13 of 1st period - Wrist shot by Aaron Ekblad.
1:13 of 1st period - Deflect By Chris Stewart.
1:13 of 1st period - Stopped by Maxime Daigneault with a rebound.
1:15 of 1st period - Wrist shot by Zac Rinaldo.
1:15 of 1st period - Shot Blocked by Brandon Carlo.
1:17 of 1st period - Snap shot by William Karlsson.
1:17 of 1st period - Stopped by Maxime Daigneault without a rebound.
1:18 of 1st period - Mike Richards wins face-off versus Nazem Kadri in Devils zone.
1:51 of 1st period - Wrist shot by Teuvo Teravainen.
1:51 of 1st period - Stopped by Maxime Daigneault without a rebound.
1:52 of 1st period - Erik Haula wins face-off versus Brayden Point in Devils zone.
2:25 of 1st period - Snap shot by Phil Kessel.
2:25 of 1st period - Stopped by Maxime Daigneault without a rebound.
2:26 of 1st period - Riley Sheahan wins face-off versus Aleksander Barkov in Devils zone.
2:27 of 1st period - Snap shot by Jason Zucker.
2:27 of 1st period - Shot Misses the Net.
3:18 of 1st period - Phil Kessel is hit by Thomas Hickey and loses puck.
4:11 of 1st period - Backhand shot by Mike Richards.
4:11 of 1st period - Shot Misses the Net.
5:56 of 1st period - Shea Theodore is hit by Brandon Carlo and loses puck.
6:34 of 1st period - Aaron Ekblad is hit by Matt Donovan.
6:48 of 1st period - Snap shot by Marian Gaborik.
6:48 of 1st period - Stopped by Cam Talbot without a rebound.
6:49 of 1st period - Jonathan Huberdeau wins face-off versus Mike Richards in Blue Jackets zone.
6:50 of 1st period - Snap shot by Aleksander Barkov.
6:50 of 1st period - Stopped by Cam Talbot without a rebound.
6:51 of 1st period - Mike Richards wins face-off versus Nazem Kadri in Blue Jackets zone.
7:00 of 1st period - Snap shot by Jason Zucker.
7:00 of 1st period - Stopped by Maxime Daigneault without a rebound.
7:01 of 1st period - Nazem Kadri wins face-off versus Erik Haula in Devils zone.
7:27 of 1st period - Nick Palmieri is hit by Rickard Rakell and loses puck.
8:07 of 1st period - Snap shot by Tyler Ennis.
8:07 of 1st period - Shot Misses the Net.
8:13 of 1st period - Slapshot by Tyler Ennis.
8:13 of 1st period - Deflect By Nazem Kadri.
8:13 of 1st period - Stopped by Cam Talbot with a rebound.
8:15 of 1st period - Snap shot by Tyler Ennis.
8:15 of 1st period - Stopped by Cam Talbot with a rebound.
8:17 of 1st period - Slapshot by Anton Stralman.
8:17 of 1st period - Deflect By Nick Palmieri.
8:17 of 1st period - Shot Blocked by Ben Chiarot.
8:17 of 1st period - Puck is out of play.
8:18 of 1st period - Erik Haula wins face-off versus Aleksander Barkov in Blue Jackets zone.
8:22 of 1st period - Off-side.
8:23 of 1st period - Erik Haula wins face-off versus Aleksander Barkov in neutral zone.
8:26 of 1st period - Snap shot by Teuvo Teravainen.
8:26 of 1st period - Shot Misses the Net.
8:28 of 1st period - Slapshot by Travis Hamonic.
8:28 of 1st period - Stopped by Maxime Daigneault with a rebound.
8:56 of 1st period - Wrist shot by Mike Richards.
8:56 of 1st period - Shot Misses the Net.
9:26 of 1st period - Snap shot by Jonathan Huberdeau.
9:26 of 1st period - Shot Misses the Net.
9:36 of 1st period - Snap shot by Sven Baertschi.
9:36 of 1st period - Stopped by Cam Talbot without a rebound.
9:37 of 1st period - Jason Zucker wins face-off versus Brayden Point in Blue Jackets zone.
9:52 of 1st period - Slapshot by Kristopher Letang.
9:52 of 1st period - Shot Misses the Net.
10:02 of 1st period - Anton Stralman is hit by Shea Theodore.
10:32 of 1st period - Snap shot by Sean Monahan.
10:32 of 1st period - Stopped by Maxime Daigneault with a rebound.
10:44 of 1st period - Slapshot by Kristopher Letang.
10:44 of 1st period - Stopped by Cam Talbot with a rebound.
10:46 of 1st period - Snap shot by Chris Stewart.
10:46 of 1st period - Deflect By Eric Tangradi.
10:46 of 1st period - Shot Blocked by Travis Hamonic.
10:46 of 1st period - Puck is out of play.
10:47 of 1st period - Maxime Macenauer wins face-off versus Mike Richards in Blue Jackets zone.
10:48 of 1st period - Slapshot by Michael Del Zotto.
10:48 of 1st period - Stopped by Cam Talbot without a rebound.
10:49 of 1st period - Erik Haula wins face-off versus Maxime Macenauer in Blue Jackets zone.
10:59 of 1st period - Minor Penalty to Maxime Macenauer for Hooking.
11:00 of 1st period - Erik Haula wins face-off versus Aleksander Barkov in Devils zone.
11:09 of 1st period - Brandon Carlo is hit by Colton Parayko and loses puck.
12:04 of 1st period - Brayden Point is hit by Riley Sheahan and loses puck.
12:59 of 1st period - Penalty to Maxime Macenauer is over, Maxime Macenauer is back on ice.
14:39 of 1st period - Snap shot by Tyler Ennis.
14:39 of 1st period - Shot Misses the Net.
14:41 of 1st period - Slapshot by Thomas Hickey.
14:41 of 1st period - Stopped by Cam Talbot without a rebound.
14:42 of 1st period - Nazem Kadri wins face-off versus Erik Haula in Blue Jackets zone.
15:07 of 1st period - Mike Richards is hit by Sven Baertschi and loses puck.
15:28 of 1st period - Slapshot by Rickard Rakell.
15:28 of 1st period - Stopped by Maxime Daigneault without a rebound.
15:29 of 1st period - Erik Haula wins face-off versus Jonathan Huberdeau in Devils zone.
16:19 of 1st period - Backhand shot by Travis Hamonic.
16:19 of 1st period - Shot Misses the Net.
17:03 of 1st period - Backhand shot by Maxime Macenauer.
17:03 of 1st period - Stopped by Cam Talbot without a rebound.
17:04 of 1st period - Erik Haula wins face-off versus Nazem Kadri in Blue Jackets zone.
17:10 of 1st period - Icing by Brandon Carlo.
17:11 of 1st period - Erik Haula wins face-off versus Tyler Ennis in Devils zone.
17:16 of 1st period - Snap shot by Nikita Kucherov.
17:16 of 1st period - Stopped by Maxime Daigneault with a rebound.
17:36 of 1st period - Slapshot by Michael Del Zotto.
17:36 of 1st period - Shot Misses the Net.
17:38 of 1st period - Wrist shot by Brandon Carlo.
17:38 of 1st period - Deflect By Riley Sheahan.
17:38 of 1st period - Stopped by Cam Talbot without a rebound.
17:39 of 1st period - Brayden Point wins face-off versus Mike Richards in Blue Jackets zone.
17:39 of 1st period - Brayden Point is hit by Colton Parayko.
17:49 of 1st period - Snap shot by Jason Zucker.
17:49 of 1st period - Shot Blocked by Thomas Hickey.
18:43 of 1st period - Wrist shot by Logan Shaw.
18:43 of 1st period - Stopped by Cam Talbot without a rebound.
18:44 of 1st period - Aleksander Barkov wins face-off versus Erik Haula in Blue Jackets zone.
18:53 of 1st period - Slapshot by Jonathan Huberdeau.
18:53 of 1st period - Shot Misses the Net.
18:55 of 1st period - Snap shot by Aleksander Barkov.
18:55 of 1st period - Shot Misses the Net.
18:57 of 1st period - Snap shot by Aleksander Barkov.
18:57 of 1st period - Shot Misses the Net.
18:59 of 1st period - Slapshot by Anton Stralman.
18:59 of 1st period - Shot Misses the Net.
19:13 of 1st period - Snap shot by Eric Tangradi.
19:13 of 1st period - Stopped by Cam Talbot with a rebound.
Goals for this period are 0 for Devils vs 0 for Blue Jackets.
Shots for this period are 12 for Devils vs 10 for Blue Jackets.
2nd period
0:01 of 2nd period - Nick Palmieri wins face-off versus Teuvo Teravainen in neutral zone.
0:17 of 2nd period - Snap shot by Teuvo Teravainen.
0:17 of 2nd period - Shot Misses the Net.
0:35 of 2nd period - Off-side.
0:36 of 2nd period - Aleksander Barkov wins face-off versus Erik Haula in neutral zone.
0:47 of 2nd period - Wrist shot by Aleksander Barkov.
0:47 of 2nd period - Deflect By Jonathan Huberdeau.
0:47 of 2nd period - Shot Blocked by Teuvo Teravainen.
0:47 of 2nd period - Puck is out of play.
0:48 of 2nd period - Nazem Kadri wins face-off versus Erik Haula in Blue Jackets zone.
1:02 of 2nd period - Slapshot by Nazem Kadri.
1:02 of 2nd period - Stopped by Cam Talbot with a rebound.
1:04 of 2nd period - Snap shot by Nick Palmieri.
1:04 of 2nd period - Stopped by Cam Talbot with a rebound.
1:35 of 2nd period - Snap shot by Logan Shaw.
1:35 of 2nd period - Goal by Logan Shaw - Devils : 1 - Blue Jackets : 0.
1:36 of 2nd period - Nazem Kadri wins face-off versus Erik Haula in neutral zone.
1:45 of 2nd period - Snap shot by Nazem Kadri.
1:45 of 2nd period - Shot Misses the Net.
1:53 of 2nd period - Slapshot by Nick Palmieri.
1:53 of 2nd period - Shot Misses the Net.
2:01 of 2nd period - Nazem Kadri is hit by Bryce Lampman and loses puck.
2:10 of 2nd period - Wrist shot by Erik Haula.
2:10 of 2nd period - Shot Blocked by Kristopher Letang.
2:12 of 2nd period - Snap shot by Teuvo Teravainen.
2:12 of 2nd period - Shot Misses the Net.
2:14 of 2nd period - Wrist shot by Teuvo Teravainen.
2:14 of 2nd period - Stopped by Maxime Daigneault with a rebound.
2:16 of 2nd period - Slapshot by Aaron Ekblad.
2:16 of 2nd period - Shot Blocked by Anton Stralman.
2:18 of 2nd period - Slapshot by Aaron Ekblad.
2:18 of 2nd period - Shot Misses the Net.
2:33 of 2nd period - Slapshot by Teuvo Teravainen.
2:33 of 2nd period - Shot Blocked by Kristopher Letang.
2:35 of 2nd period - Slapshot by Erik Haula.
2:35 of 2nd period - Shot Blocked by Nazem Kadri.
2:37 of 2nd period - Backhand shot by Nikita Kucherov.
2:37 of 2nd period - Deflect By Nick Palmieri.
2:37 of 2nd period - Goal by Nikita Kucherov - Devils : 1 - Blue Jackets : 1.
2:38 of 2nd period - Mike Richards wins face-off versus Aleksander Barkov in neutral zone.
2:56 of 2nd period - Brandon Carlo is hit by Travis Hamonic and loses puck.
3:23 of 2nd period - Minor Penalty to Logan Shaw for Holding Stick.
3:24 of 2nd period - Maxime Macenauer wins face-off versus Erik Haula in Devils zone.
3:37 of 2nd period - Slapshot by Colton Parayko.
3:37 of 2nd period - Deflect By Nikita Kucherov.
3:37 of 2nd period - Stopped by Maxime Daigneault without a rebound.
3:38 of 2nd period - Eric Tangradi wins face-off versus Erik Haula in Devils zone.
5:23 of 2nd period - Penalty to Logan Shaw is over, Logan Shaw is back on ice.
5:26 of 2nd period - Michael Del Zotto is hit by Phil Kessel and loses puck.
5:41 of 2nd period - Snap shot by Eric Tangradi.
5:41 of 2nd period - Shot Misses the Net.
6:23 of 2nd period - Snap shot by Aleksander Barkov.
6:23 of 2nd period - Shot Misses the Net.
6:25 of 2nd period - Snap shot by Eric Tangradi.
6:25 of 2nd period - Shot Misses the Net.
6:27 of 2nd period - Slapshot by Michael Del Zotto.
6:27 of 2nd period - Stopped by Cam Talbot with a rebound.
6:29 of 2nd period - Slapshot by Aleksander Barkov.
6:29 of 2nd period - Deflect By Logan Shaw.
6:29 of 2nd period - Shot Hit the Post.
6:29 of 2nd period - Puck is out of play.
6:30 of 2nd period - Nazem Kadri wins face-off versus Erik Haula in Blue Jackets zone.
6:37 of 2nd period - Wrist shot by Tyler Ennis.
6:37 of 2nd period - Shot Misses the Net.
6:39 of 2nd period - Minor Penalty to Nikita Kucherov for Tripping.
6:40 of 2nd period - Nazem Kadri wins face-off versus Teuvo Teravainen in Blue Jackets zone.
7:29 of 2nd period - Snap shot by Jonathan Huberdeau.
7:29 of 2nd period - Shot Blocked by Bryce Lampman.
7:31 of 2nd period - Snap shot by Marian Gaborik.
7:31 of 2nd period - Shot Blocked by Erik Haula.
8:39 of 2nd period - Penalty to Nikita Kucherov is over, Nikita Kucherov is back on ice.
8:57 of 2nd period - Wrist shot by Nikita Kucherov.
8:57 of 2nd period - Shot Blocked by Brandon Carlo.
10:02 of 2nd period - Mike Richards is hit by Kristopher Letang and loses puck.
10:32 of 2nd period - Jonathan Huberdeau is hit by Rickard Rakell and loses puck.
10:45 of 2nd period - Ben Chiarot is hit by Brandon Carlo and loses puck.
11:20 of 2nd period - Riley Sheahan is hit by Maxime Macenauer and loses puck.
11:41 of 2nd period - Nazem Kadri is hit by Aaron Ekblad and loses puck.
11:56 of 2nd period - Rickard Rakell is hit by Sven Baertschi.
12:24 of 2nd period - Anton Stralman is hit by Fabian Brunnstrom and loses puck.
12:36 of 2nd period - Snap shot by Jonathan Huberdeau.
12:36 of 2nd period - Shot Blocked by Teuvo Teravainen.
12:48 of 2nd period - Wrist shot by Jonathan Huberdeau.
12:48 of 2nd period - Stopped by Cam Talbot without a rebound.
12:49 of 2nd period - Sean Monahan wins face-off versus Nazem Kadri in Blue Jackets zone.
12:59 of 2nd period - Wrist shot by Nazem Kadri.
12:59 of 2nd period - Shot Blocked by Shea Theodore.
13:01 of 2nd period - Slapshot by Thomas Hickey.
13:01 of 2nd period - Goal by Thomas Hickey - Devils : 2 - Blue Jackets : 1.
13:02 of 2nd period - Erik Haula wins face-off versus Aleksander Barkov in neutral zone.
13:10 of 2nd period - Travis Hamonic is hit by Marian Gaborik and loses puck.
13:17 of 2nd period - Snap shot by Jonathan Huberdeau.
13:17 of 2nd period - Shot Blocked by Travis Hamonic.
13:19 of 2nd period - Snap shot by Kristopher Letang.
13:19 of 2nd period - Stopped by Cam Talbot without a rebound.
13:20 of 2nd period - Nazem Kadri wins face-off versus Mike Richards in Blue Jackets zone.
13:23 of 2nd period - Snap shot by Nazem Kadri.
13:23 of 2nd period - Stopped by Cam Talbot with a rebound.
13:29 of 2nd period - Slapshot by Riley Sheahan.
13:29 of 2nd period - Stopped by Maxime Daigneault with a rebound.
13:31 of 2nd period - Wrist shot by Jason Zucker.
13:31 of 2nd period - Stopped by Maxime Daigneault without a rebound.
13:32 of 2nd period - Erik Haula wins face-off versus Aleksander Barkov in Devils zone.
13:33 of 2nd period - Wrist shot by Nikita Kucherov.
13:33 of 2nd period - Shot Hit the Post.
13:35 of 2nd period - Slapshot by Teuvo Teravainen.
13:35 of 2nd period - Shot Misses the Net.
13:45 of 2nd period - Snap shot by Erik Haula.
13:45 of 2nd period - Shot Misses the Net.
13:47 of 2nd period - Wrist shot by Nikita Kucherov.
13:47 of 2nd period - Goal by Nikita Kucherov - Devils : 2 - Blue Jackets : 2.
13:48 of 2nd period - Aleksander Barkov wins face-off versus Erik Haula in neutral zone.
14:01 of 2nd period - Slapshot by Jonathan Huberdeau.
14:01 of 2nd period - Shot Misses the Net.
14:53 of 2nd period - Snap shot by Erik Haula.
14:53 of 2nd period - Stopped by Maxime Daigneault without a rebound.
14:54 of 2nd period - Maxime Macenauer wins face-off versus Erik Haula in Devils zone.
15:07 of 2nd period - Slapshot by Nikita Kucherov.
15:07 of 2nd period - Shot Misses the Net.
15:23 of 2nd period - Slapshot by Aaron Ekblad.
15:23 of 2nd period - Shot Misses the Net.
15:25 of 2nd period - Snap shot by Riley Sheahan.
15:25 of 2nd period - Shot Misses the Net.
15:27 of 2nd period - Snap shot by Jason Zucker.
15:27 of 2nd period - Stopped by Maxime Daigneault without a rebound.
15:28 of 2nd period - Mike Richards wins face-off versus Nazem Kadri in Devils zone.
15:29 of 2nd period - Snap shot by Jason Zucker.
15:29 of 2nd period - Stopped by Maxime Daigneault with a rebound.
15:31 of 2nd period - Slapshot by Shea Theodore.
15:31 of 2nd period - Shot Misses the Net.
15:33 of 2nd period - Snap shot by Jason Zucker.
15:33 of 2nd period - Shot Blocked by Nick Palmieri.
15:35 of 2nd period - Slapshot by Ben Chiarot.
15:35 of 2nd period - Stopped by Maxime Daigneault with a rebound.
15:37 of 2nd period - Wrist shot by Ben Chiarot.
15:37 of 2nd period - Shot Blocked by Nick Palmieri.
15:39 of 2nd period - Wrist shot by Mike Richards.
15:39 of 2nd period - Deflect By Nazem Kadri.
15:39 of 2nd period - Shot Misses the Net.
15:39 of 2nd period - Puck is out of play.
15:40 of 2nd period - Aleksander Barkov wins face-off versus Erik Haula in Devils zone.
16:31 of 2nd period - Riley Sheahan is hit by Tyler Ennis and loses puck.
16:40 of 2nd period - Tyler Ennis is hit by Jason Zucker and loses puck.
17:12 of 2nd period - Off-side.
17:13 of 2nd period - Brayden Point wins face-off versus Erik Haula in neutral zone.
17:16 of 2nd period - Snap shot by Anton Stralman.
17:16 of 2nd period - Shot Blocked by Nikita Kucherov.
17:40 of 2nd period - Bryce Lampman is hit by Marian Gaborik and loses puck.
18:16 of 2nd period - Off-side.
18:17 of 2nd period - Brayden Point wins face-off versus Sean Monahan in neutral zone.
18:28 of 2nd period - Snap shot by Sven Baertschi.
18:28 of 2nd period - Shot Misses the Net.
18:30 of 2nd period - Wrist shot by Brayden Point.
18:30 of 2nd period - Shot Misses the Net.
18:32 of 2nd period - Slapshot by Michael Del Zotto.
18:32 of 2nd period - Shot Blocked by Travis Hamonic.
18:38 of 2nd period - Minor Penalty to Rickard Rakell for High sticking.
18:39 of 2nd period - Nazem Kadri wins face-off versus Nikita Kucherov in Blue Jackets zone.
18:40 of 2nd period - Slapshot by Tyler Ennis.
18:40 of 2nd period - Shot Misses the Net.
18:48 of 2nd period - Slapshot by Michael Del Zotto.
18:48 of 2nd period - Shot Blocked by Travis Hamonic.
19:50 of 2nd period - Erik Haula is hit by Jonathan Huberdeau and loses puck.
Goals for this period are 2 for Devils vs 2 for Blue Jackets.
Shots for this period are 8 for Devils vs 10 for Blue Jackets.
3rd period
0:01 of 3rd period - Teuvo Teravainen wins face-off versus Nazem Kadri in neutral zone.
0:10 of 3rd period - Snap shot by Nikita Kucherov.
0:10 of 3rd period - Shot Misses the Net.
0:38 of 3rd period - Penalty to Rickard Rakell is over, Rickard Rakell is back on ice.
0:48 of 3rd period - Icing by Bryce Lampman.
0:49 of 3rd period - Sean Monahan wins face-off versus Brayden Point in Blue Jackets zone.
0:58 of 3rd period - Slapshot by Aaron Ekblad.
0:58 of 3rd period - Stopped by Maxime Daigneault with a rebound.
1:00 of 3rd period - Wrist shot by Phil Kessel.
1:00 of 3rd period - Stopped by Maxime Daigneault with a rebound.
1:16 of 3rd period - Colton Parayko is hit by Jonathan Huberdeau and loses puck.
1:44 of 3rd period - Wrist shot by Jason Zucker.
1:44 of 3rd period - Shot Blocked by Thomas Hickey.
1:46 of 3rd period - Slapshot by Colton Parayko.
1:46 of 3rd period - Shot Blocked by Matt Donovan.
1:48 of 3rd period - Snap shot by Travis Hamonic.
1:48 of 3rd period - Stopped by Maxime Daigneault with a rebound.
1:54 of 3rd period - Minor Penalty to Nick Palmieri for High sticking.
1:55 of 3rd period - Eric Tangradi wins face-off versus Erik Haula in Devils zone.
2:57 of 3rd period - Minor Penalty to Colton Parayko for Holding.
2:58 of 3rd period - Nazem Kadri wins face-off versus Teuvo Teravainen in Blue Jackets zone.
3:11 of 3rd period - Wrist shot by Tyler Ennis.
3:11 of 3rd period - Stopped by Cam Talbot with a rebound.
3:47 of 3rd period - Wrist shot by Marian Gaborik.
3:47 of 3rd period - Shot Misses the Net.
3:49 of 3rd period - Slapshot by Aleksander Barkov.
3:49 of 3rd period - Shot Blocked by Erik Haula.
3:51 of 3rd period - Slapshot by Michael Del Zotto.
3:51 of 3rd period - Shot Misses the Net.
3:53 of 3rd period - Snap shot by Marian Gaborik.
3:53 of 3rd period - Shot Misses the Net.
3:54 of 3rd period - Penalty to Nick Palmieri is over, Nick Palmieri is back on ice.
3:55 of 3rd period - Snap shot by Aleksander Barkov.
3:55 of 3rd period - Goal by Aleksander Barkov - Devils : 3 - Blue Jackets : 2.
3:56 of 3rd period - Aleksander Barkov wins face-off versus Erik Haula in neutral zone.
4:28 of 3rd period - Wrist shot by Michael Del Zotto.
4:28 of 3rd period - Stopped by Cam Talbot with a rebound.
4:30 of 3rd period - Wrist shot by Nick Palmieri.
4:30 of 3rd period - Stopped by Cam Talbot without a rebound.
4:31 of 3rd period - Nazem Kadri wins face-off versus Mike Richards in Blue Jackets zone.
4:52 of 3rd period - Michael Del Zotto is hit by Bryce Lampman and loses puck.
5:25 of 3rd period - Wrist shot by Brayden Point.
5:25 of 3rd period - Stopped by Cam Talbot with a rebound.
5:27 of 3rd period - Snap shot by Brayden Point.
5:27 of 3rd period - Deflect By Rickard Rakell.
5:27 of 3rd period - Stopped by Cam Talbot without a rebound.
5:28 of 3rd period - Sean Monahan wins face-off versus Brayden Point in Blue Jackets zone.
5:55 of 3rd period - Sven Baertschi is hit by Phil Kessel and loses puck.
6:10 of 3rd period - Slapshot by Anton Stralman.
6:10 of 3rd period - Shot Misses the Net.
6:35 of 3rd period - Slapshot by Sean Monahan.
6:35 of 3rd period - Stopped by Maxime Daigneault with a rebound.
6:37 of 3rd period - Snap shot by Rickard Rakell.
6:37 of 3rd period - Shot Misses the Net.
6:39 of 3rd period - Wrist shot by Shea Theodore.
6:39 of 3rd period - Shot Blocked by Brandon Carlo.
6:41 of 3rd period - Slapshot by Sean Monahan.
6:41 of 3rd period - Stopped by Maxime Daigneault without a rebound.
6:42 of 3rd period - Erik Haula wins face-off versus Nazem Kadri in Devils zone.
6:43 of 3rd period - Wrist shot by Teuvo Teravainen.
6:43 of 3rd period - Shot Hit the Post.
7:09 of 3rd period - Aleksander Barkov is hit by Riley Sheahan and loses puck.
8:16 of 3rd period - Slapshot by Zac Rinaldo.
8:16 of 3rd period - Stopped by Maxime Daigneault without a rebound.
8:17 of 3rd period - Maxime Macenauer wins face-off versus William Karlsson in Devils zone.
8:32 of 3rd period - Wrist shot by Kristopher Letang.
8:32 of 3rd period - Stopped by Cam Talbot without a rebound.
8:33 of 3rd period - Erik Haula wins face-off versus Nazem Kadri in Blue Jackets zone.
9:03 of 3rd period - Wrist shot by Jonathan Huberdeau.
9:03 of 3rd period - Stopped by Cam Talbot without a rebound.
9:04 of 3rd period - Erik Haula wins face-off versus Aleksander Barkov in Blue Jackets zone.
9:42 of 3rd period - Icing by Brandon Carlo.
9:43 of 3rd period - Nazem Kadri wins face-off versus Erik Haula in Devils zone.
10:58 of 3rd period - Slapshot by Colton Parayko.
10:58 of 3rd period - Stopped by Maxime Daigneault with a rebound.
11:00 of 3rd period - Slapshot by Travis Hamonic.
11:00 of 3rd period - Stopped by Maxime Daigneault with a rebound.
11:20 of 3rd period - Shea Theodore is hit by Nazem Kadri and loses puck.
12:02 of 3rd period - Ben Chiarot is hit by Matt Donovan and loses puck.
12:25 of 3rd period - Backhand shot by Thomas Hickey.
12:25 of 3rd period - Shot Blocked by Bryce Lampman.
12:27 of 3rd period - Snap shot by Thomas Hickey.
12:27 of 3rd period - Stopped by Cam Talbot with a rebound.
12:53 of 3rd period - Wrist shot by Jonathan Huberdeau.
12:53 of 3rd period - Stopped by Cam Talbot without a rebound.
12:54 of 3rd period - Marian Gaborik wins face-off versus Sean Monahan in Blue Jackets zone.
13:21 of 3rd period - Nick Palmieri is hit by Erik Haula and loses puck.
14:00 of 3rd period - Chris Stewart is hit by Zac Rinaldo and loses puck.
14:09 of 3rd period - Wrist shot by William Karlsson.
14:09 of 3rd period - Shot Misses the Net.
14:32 of 3rd period - Jonathan Huberdeau is hit by Sean Monahan and loses puck.
14:45 of 3rd period - Slapshot by Anton Stralman.
14:45 of 3rd period - Shot Misses the Net.
15:01 of 3rd period - Snap shot by Riley Sheahan.
15:01 of 3rd period - Stopped by Maxime Daigneault with a rebound.
15:11 of 3rd period - Slapshot by Anton Stralman.
15:11 of 3rd period - Shot Misses the Net.
15:51 of 3rd period - Snap shot by Brandon Carlo.
15:51 of 3rd period - Deflect By Jonathan Huberdeau.
15:51 of 3rd period - Stopped by Cam Talbot without a rebound.
15:52 of 3rd period - Sean Monahan wins face-off versus Aleksander Barkov in Blue Jackets zone.
15:57 of 3rd period - Slapshot by Aaron Ekblad.
15:57 of 3rd period - Shot Blocked by Aleksander Barkov.
15:59 of 3rd period - Snap shot by Sean Monahan.
15:59 of 3rd period - Goal by Sean Monahan - Devils : 3 - Blue Jackets : 3.
16:00 of 3rd period - Brayden Point wins face-off versus Erik Haula in neutral zone.
17:21 of 3rd period - Slapshot by Anton Stralman.
17:21 of 3rd period - Stopped by Cam Talbot without a rebound.
17:22 of 3rd period - Nazem Kadri wins face-off versus Mike Richards in Blue Jackets zone.
18:19 of 3rd period - Wrist shot by Rickard Rakell.
18:19 of 3rd period - Stopped by Maxime Daigneault with a rebound.
18:35 of 3rd period - Marian Gaborik is hit by Mike Richards and loses puck.
19:58 of 3rd period - Off-side.
19:59 of 3rd period - Phil Kessel wins face-off versus Nazem Kadri in neutral zone.
Goals for this period are 1 for Devils vs 1 for Blue Jackets.
Shots for this period are 12 for Devils vs 11 for Blue Jackets.
Overtime #1
0:01 of 1st overtime period - Nazem Kadri wins face-off versus Nikita Kucherov in neutral zone.
0:10 of 1st overtime period - Wrist shot by Tyler Ennis.
0:10 of 1st overtime period - Deflect By Nazem Kadri.
0:10 of 1st overtime period - Shot Misses the Net.
0:10 of 1st overtime period - Puck is out of play.
0:11 of 1st overtime period - Nikita Kucherov wins face-off versus Nazem Kadri in Blue Jackets zone.
0:13 of 1st overtime period - Minor Penalty to Nikita Kucherov for Cross-checking.
0:14 of 1st overtime period - Nazem Kadri wins face-off versus Rickard Rakell in Blue Jackets zone.
1:39 of 1st overtime period - Travis Hamonic is hit by Brayden Point and loses puck.
2:13 of 1st overtime period - Penalty to Nikita Kucherov is over, Nikita Kucherov is back on ice.
2:22 of 1st overtime period - Bryce Lampman is hit by Eric Tangradi and loses puck.
2:29 of 1st overtime period - Wrist shot by Jonathan Huberdeau.
2:29 of 1st overtime period - Goal by Jonathan Huberdeau - Devils : 4 - Blue Jackets : 3.
Goals for this period are 1 for Devils vs 0 for Blue Jackets.
Shots for this period are 1 for Devils vs 0 for Blue Jackets.